 Dungeon Crawl Stone Soup version 0.29.0-10-g45618ea6d2 (webtiles) character file.

Game seed: 3208259957134360481

325 nickcage the Spear-Bearer (level 6, -11/44 HPs)
             Began as a Merfolk Gladiator on Sept 1, 2022.
             Mangled by an ogre
             ... wielding a +0 giant club
              (24 damage)
             ... on level 4 of the Dungeon.
             The game lasted 00:04:29 (2529 turns).

nickcage the Spear-Bearer (Merfolk Gladiator)       Turns: 2529, Time: 00:04:29

Health: -11/44     AC: 11    Str: 23    XL:     6   Next: 48%
Magic:  6/6        EV: 11    Int: 13    God:
Gold:   100        SH:  0    Dex: 15    Spells: 5/5 levels left

rFire   . . .      SeeInvis +   a - +0 trident
rCold   . . .      Faith    .   (no shield)
rNeg    . . .      Spirit   .   o - +0 scale mail
rPois   .          Reflect  .   m - +2 helmet {SInv}
rElec   .          Harm     .   s - +1 cloak
rCorr   .          Rampage  .   (no gloves)
Will    .....                   (no boots)
Stlth   ..........              (no amulet)
HPRegen 0.14/turn               u - +6 ring of intelligence
MPRegen 0.10/turn               w - +6 ring of strength

@: no status effects
A: (nimble swimmer 2), mertail
a: no special abilities


You were on level 4 of the Dungeon.
You visited 1 branch of the dungeon, and saw 4 of its levels.

You collected 100 gold pieces.

Inventory:

Hand Weapons
 a - a +0 trident (weapon)
Missiles
 d - 3 throwing nets
 e - 4 javelins (quivered)
Armour
 b - a +0 leather armour
 c - a +0 helmet
 f - a +0 cloak
 m - a +2 helmet of see invisible (worn)
 o - a +0 scale mail (worn)
 s - a +1 cloak (worn)
Jewellery
 n - a ring of fire
 u - a +6 ring of intelligence (left hand)
 w - a +6 ring of strength (right hand)
Scrolls
 g - 3 scrolls of noise {unknown}
 i - a scroll of immolation {unknown}
 j - 2 scrolls of poison {unknown}
 k - 4 scrolls of teleportation {unknown}
 q - a scroll of magic mapping {unknown}
 r - 5 scrolls of identify {unknown}
 v - 2 scrolls of fog {unknown}
Potions
 h - a potion of cancellation {unknown}
 l - 4 potions of degeneration {unknown}
 p - 2 potions of heal wounds {unknown}
 t - a potion of attraction {unknown}
 x - a potion of flight {unknown}


   Skills:
 - Level 2.1 Fighting
 + Level 9.3 Polearms
 - Level 2.0 Throwing
 - Level 4.0 Dodging


You had 5 spell levels left.
You didn't know any spells.
Your spell library was empty.

Dungeon Overview and Level Annotations

Branches:
Dungeon (4/15)
 Temple: D:4-7

Altars:


Innate Abilities, Weirdness & Mutations

((You are very nimble when in or above water. (Stealth+, EV+, Speed+++)))
Your lower body shifts to a powerful aquatic tail in water.


Message History

The worm is severely wounded.
The kobold hits you with a +0 whip.
You hit the worm.
You kill the worm!
You hit the kobold but do no damage. The kobold hits you but does no damage.
You closely miss the kobold. You punch the kobold.
The kobold is heavily wounded.
The kobold hits you but does no damage.
You barely miss the kobold.
The kobold is heavily wounded.
The kobold misses you.
You hit the kobold.
The kobold is severely wounded.
The kobold hits you with a +0 whip.
You hit the kobold.
You kill the kobold!
No target in view!
HP restored.
Done exploring.
You climb downwards.
The ogre hits you but does no damage.
There is a stone staircase leading up here.
You puncture the ogre!
The ogre is moderately wounded.
The ogre hits you with a +0 giant club!!
You hit the ogre.
The ogre is moderately wounded.
You barely miss the ogre.
The ogre is moderately wounded.
The ogre hits you with a +0 giant club!
* * * LOW HITPOINT WARNING * * *
You puncture the ogre!
The ogre is severely wounded.
You hit the ogre but do no damage.
The ogre is severely wounded.
The ogre barely misses you.
You barely miss the ogre.
The ogre is severely wounded.
The ogre hits you with a +0 giant club!!
Ouch! That really hurt!
You die...

##. ..#
##..######
##........###
##............
#.............
#.............
#.....@.......
........O......
...............
...............
##...........>.
#.............
##..>.........
#............


You could see an ogre.

Vanquished Creatures
  Sigmund (D:2)
  Natasha (twice) (D:2)
  Terence (D:3)
  2 adders (D:3)
  A worm (D:3)
  3 orcs (D:3)
  4 ball pythons
  6 endoplasms
  4 giant cockroaches
  4 goblins
  4 hobgoblins
  4 jackals (D:1)
  6 kobolds
  2 quokkas (D:3)
  6 bats
  A frilled lizard (D:1)
  6 rats
57 creatures vanquished.

Notes
Turn   | Place    | Note
-------+----------+-------------------------------------------
     0 | D:1      | nickcage the Merfolk Gladiator began the quest for the Orb.
     0 | D:1      | Reached XP level 1. HP: 16/16 MP: 1/1
    47 | D:1      | Reached XP level 2. HP: 22/22 MP: 2/2
    53 | D:1      | Found a faded altar of an unknown god.
    61 | D:1      | Reached skill level 5 in Polearms
   300 | D:1      | Reached XP level 3. HP: 27/27 MP: 3/3
   913 | D:2      | Noticed Sigmund
   929 | D:2      | Killed Sigmund
   930 | D:2      | Reached skill level 8 in Polearms
   930 | D:2      | Reached XP level 4. HP: 17/33 MP: 4/4
   930 | D:2      | Reached XP level 5. HP: 20/38 MP: 5/5
  1275 | D:2      | Noticed Natasha
  1280 | D:2      | Killed Natasha
  1281 | D:2      | Reached XP level 6. HP: 37/44 MP: 6/6
  1489 | D:2      | Noticed Natasha
  1497 | D:2      | Killed Natasha
  1629 | D:3      | Reached skill level 9 in Polearms
  1860 | D:3      | Identified the +0 robe "Daluhar" {Int+7}
  1930 | D:3      | Noticed Terence
  1940 | D:3      | Killed Terence
  2529 | D:4      | Mangled by an ogre

Illustrated notes

Levels and vault maps discovered:
D:1:      beargit_arrival_greenhouse, layout_rooms,
          ebering_ecumenical_altar_ruins, serial_glass, glass_columns_c,
          glass_columns_a, glass_columns_c, glass_columns_b, glass_columns_a,
          glass_columns_b, glass_columns_a, glass_columns_b, feat_on_display,
          item_on_display_a, item_on_display_b, due_unseen_surprise,
          kennysheep_nondescript
D:2:      layout_basic, uniq_sigmund, uniq_natasha
D:3:      minmay_inner_zag, layout_basic, minmay_tree_intersection, uniq_terence
D:4:      layout_cave_pods, minmay_joined_circles

Skill      XL: |  1  2  3  4  5  6 |
---------------+-------------------+-----
Polearms       | 5 8 9 |  9.3
Fighting       | |  2.1
Throwing       | |  2.0
Dodging        | |  4.0

Action                   |  1- 3 |  4- 6 || total
-------------------------+-------+-------++-------
Melee: Trident           |    98 |   106 ||   204
       Punch             |     1 |     4 ||     5
Throw: Javelin           |     1 |     1 ||     2
Armor: Leather armour    |    16 |       ||    16
       Scale mail        |     3 |    35 ||    38
Dodge: Dodged            |    55 |    36 ||    91
